 Dungeon Crawl Stone Soup version 0.20-a0-1122-gb7cbeb9 (webtiles) character file.

4 Goblin1989 the Sneak (level 1, 0/10 HPs)
             Began as a Spriggan Assassin on May 15, 2017.
             Succumbed to a scorpion's poison
             ... on level 4 of the Dungeon.
             The game lasted 00:07:46 (833 turns).

Goblin1989 the Sneak (Spriggan Assassin)             Turns: 833, Time: 00:07:47

Health: 0/10       AC:  3    Str:  7    XL:     1   Next: 58%
Magic:  2/2        EV: 17    Int: 12    God:
Gold:   54         SH:  0    Dex: 17    Spells: 0/0 levels left

rFire    . . .     SeeInvis +   a - +2 dagger
rCold    . . .     Gourm    .   (shield restricted)
rNeg     . . .     Faith    .   c - +0 robe
rPois    .         Spirit   .   (helmet restricted)
rElec    .         Reflect  .   d - +0 cloak
rCorr    .         Harm     .   (gloves unavailable)
MR       .....                  (boots unavailable)
Stlth    +++.......             (no amulet)
Regen    0.1/turn               (no ring)
MPRegen  0.1/turn               (no ring)

@: lethally poisoned (0 -> -16), very quick
A: unfitting armour, see invisible, herbivore 3, speed 3, slow metabolism 2
a: no special abilities


You were on level 4 of the Dungeon.
You were not hungry.

You visited 1 branch of the dungeon, and saw 6 of its levels.

You collected 54 gold pieces.

Inventory:

Hand Weapons
 a - a +2 dagger (weapon)
 k - a +0 club
 w - a +0 blowgun {@w1}
Missiles
 f - 2 curare-tipped needles
 g - 8 poisoned needles
 l - 53 stones (quivered)
 q - 7 javelins
 r - 13 sling bullets
Armour
 c - a +0 robe (worn)
 d - a +0 cloak (worn)
 i - a +0 ring mail
 m - a +0 ring mail
 p - a +0 ring mail
Jewellery
 b - an uncursed ring of protection from cold {unknown}
Wands
 L - a wand of lightning (4/15)
Scrolls
 h - a scroll of amnesia {unknown}
 n - 2 scrolls of identify {unknown}
 u - 2 scrolls of enchant armour {unknown}
Potions
 j - a potion of haste {unknown}
 o - 2 potions of might {unknown}
 t - a potion of curing {unknown}
Comestibles
 e - a bread ration {@e1}
 s - a meat ration {@e2}


   Skills:
 - Level 1.5 Fighting
 - Level 2.1 Short Blades
 - Level 2.0 Throwing
 - Level 1.5 Dodging
 + Level 6.3 Stealth


You couldn't memorise any spells.
You didn't know any spells.

Dungeon Overview and Level Annotations

Branches:
Dungeon (6/15)
 Temple: D:4-7

Altars:
Cheibriados
Hepliaklqana

Shops:
D:6 (

Annotations:
D:6 exclusion: jelly, Edmund


Innate Abilities, Weirdness & Mutations

You are very small and have problems with some larger weapons.
You are too small for most types of armour.
You have supernaturally acute eyesight. (SInv)
You are a herbivore.
You cover ground extremely quickly.
You need consume almost no food.


Message History

You close the door.
You open the door.
Really walk into a travel-excluded area?
Okay, then.
Unknown command.
Really walk into a travel-excluded area? [Y]es or [N]o only, please.
Really walk into a travel-excluded area?
There is an open door here.
You open the door.
There is an open door here.
You now have 30 gold pieces (gained 8).
You now have 39 gold pieces (gained 9).
Really walk into a travel-excluded area?
There is an open door here.
The jelly quivers.
You open the door.
A leopard gecko comes into view.
There is an open door here.
The leopard gecko hisses angrily.
You open the door.
There is an open door here.
You close the door.
There is an open door here.
You close the door.
You hear a slurping noise.
The jelly eats the door!
You open the door.
There is an open door here.
There is an escape hatch in the ceiling here.
A mysterious force pulls you upwards. The hatch slams shut behind you.
You hear the sound of rushing water.
There is an entrance to a sewer on this level.
Hurry and find it before the portal rusts away!
You hear the rusting of a very distant drain.
The iguana hisses angrily.
You now have 54 gold pieces (gained 15).
There are no items here.
There is a stone staircase leading down here.
A giant cockroach comes into view.
A leopard gecko skeleton comes into view.
You see here a meat ration {@e2}.
s - a meat ration {@e2} You see here a pink potion.
t - a pink potion
There is a stone staircase leading down here.
A worker ant comes into view.
There is a stone staircase leading up here.
You climb upwards.
There is a stone staircase leading down here.
u - a scroll labeled OSHROI YGIT
u - 2 scrolls labeled OSHROI YGIT (gained 1)
o - 2 golden potions (gained 1)
You enter a teleport trap!
The teleport trap disappears.
Your surroundings suddenly seem different.
A scorpion comes into view.
You see here 11 gold pieces.
An orc wizard comes into view. It is wielding a dagger.
The orc wizard moves out of view.
The orc priest shouts!
The orc priest looks satisfied for a moment.
An orc comes into view. It is wielding a flail.
The orc wizard shouts!
The orc shouts!
Found a stone staircase leading down.
An orc comes into view. It is wielding an enchanted whip.
The orc wizard gestures at you while chanting.
You resist with significant effort.
A giant cockroach comes into view.
The orc priest closely misses you.
You closely miss the orc priest. The orc wizard closely misses you.
The orc hits you with a flail. The orc priest closely misses you.
You take 4 damage, and have 6/10 hp.
MASSIVE DAMAGE!!
The orc wizard shouts!
You hit the orc priest.
The orc priest is lightly wounded.
The orc wizard closely misses you. The orc misses you.
The orc priest completely misses you.
You hit the orc priest.
The orc priest is moderately wounded.
The orc wizard hits you with a dagger.
* * * LOW HITPOINT WARNING * * *
The scorpion misses you. The orc priest closely misses you.
You take 3 damage, and have 3/10 hp.
MASSIVE DAMAGE!!
You closely miss the orc priest.
The orc priest is moderately wounded.
The orc wizard barely misses you. The scorpion stings you.
* * * LOW HITPOINT WARNING * * *
You are lethally poisoned!
The scorpion poisons you! The orc priest misses you.
You take 1 damage, and have 2/10 hp.
You hit the orc priest.
The orc priest is heavily wounded.
* * * LOW HITPOINT WARNING * * *
You feel sick. The orc wizard barely misses you.
The giant cockroach barely misses you.
The orc wizard hits you but does no damage.
You take 1 damage, and have 1/10 hp.
You hit the orc priest.
The orc priest is severely wounded.
You die...

................█
................█
▲████...██......█
█...▲.......█
█...██......█
█....▲.<....█
.██....█.....██
.....█.█.....█
.....os@s....█
......ooo....█
.......o...?.█
...>.........▲
.............█
...........███
...........█
...........▲


You could see a scorpion, an orc priest, 2 orc wizards, 2 orcs and a giant
cockroach.

Vanquished Creatures
  2 bats
  A frilled lizard (D:3)
  A kobold (D:2)
  A leopard gecko skeleton (D:5)
  A rat (D:1)
6 creatures vanquished.

Notes
Turn   | Place    | Note
-------+----------+-------------------------------------------
     0 | D:1      | Goblin1989 the Spriggan Assassin began the quest for the Orb.
     0 | D:1      | Reached XP level 1. HP: 10/10 MP: 2/2
    46 | D:1      | Reached skill level 6 in Stealth
    86 | D:2      | Found a hazy altar of Hepliaklqana.
   179 | D:4      | Noticed an orc priest
   179 | D:4      | Noticed an orc wizard
   425 | D:5      | Entered Level 5 of the Dungeon
   427 | D:5      | Noticed a worker ant
   434 | D:5      | Noticed an iguana
   446 | D:5      | Found a snail-covered altar of Cheibriados.
   454 | D:6      | Noticed a centaur
   462 | D:6      | Noticed an orc wizard
   476 | D:6      | Noticed an orc priest
   486 | D:6      | Noticed a jelly
   507 | D:5      | Noticed an orc priest
   535 | D:5      | Noticed an iguana
   565 | D:6      | Noticed a jelly
   594 | D:6      | Noticed Edmund
   599 | D:6      | Found Wyte's Weapon Emporium.
   769 | D:5      | Noticed a worker ant
   814 | D:4      | Noticed a scorpion
   821 | D:4      | Noticed an orc wizard
   833 | D:4      | Succumbed to a scorpion's poison

Vault maps used:
D:1:      minmay_arrival_shoal_huts, minmay_tetromino_o2
D:2:      grunt_dithmenos_smoke, old_standard_altar,
          wad_floor_pattern_untrapped, hangedman_abyss_or_decor_lesser_grid,
          uniq_terence
D:3:      minmay_joined_circles, uniq_ijyb
D:4:      minmay_temple_entry_statues_pillars, first_bread
D:5:      cheibriados_altar_1, gup_sewer_entry_spiral
D:6:      serial_shops, nicolae_shop_waterfront, uniq_edmund,
          uniq_crazy_yiuf_cottage

Skill      XL: |  1 |
---------------+----+-----
Stealth        | 6 |  6.3
Fighting       | |  1.5
Short Blades   | |  2.1
Throwing       | |  2.0
Dodging        | |  1.5

Action                   || total
-------------------------++-------
Melee: Dagger            ||    16
 Stab: Sleeping          ||     3
Armor: Robe              ||     2
Dodge: Dodged            ||    20

Vault maps used:
D:1:      minmay_arrival_shoal_huts, minmay_tetromino_o2
D:2:      grunt_dithmenos_smoke, old_standard_altar,
          wad_floor_pattern_untrapped, hangedman_abyss_or_decor_lesser_grid,
          uniq_terence
D:3:      minmay_joined_circles, uniq_ijyb
D:4:      minmay_temple_entry_statues_pillars, first_bread
D:5:      cheibriados_altar_1, gup_sewer_entry_spiral
D:6:      serial_shops, nicolae_shop_waterfront, uniq_edmund,
          uniq_crazy_yiuf_cottage
